 Dungeon Sprint DCSS version 0.17.2-1-ge4368a0 (webtiles) character file.

269 mopl the Covert (level 6, -11/45 HPs)
             Began as a Spriggan Assassin on Aug 22, 2016.
             Mangled by a human
             ... wielding a +0 mace
              (20 damage)
             ... in the Dungeon (Sprint III: "The Ten Rune Challenge").
             The game lasted 00:00:49 (116 turns).

mopl the Covert (Spriggan Assassin)                  Turns: 116, Time: 00:00:49

Health: -11/45     AC:  3    Str: 12    XL:     6   Next: 1%
Magic:  7/7        EV: 17    Int: 12    God:
Gold:   25         SH:  0    Dex: 20    Spells: 0 memorised, 5 levels left

rFire  . . .     SeeInvis +     a - +2 dagger
rCold  . . .     Clarity  .     c - +0 robe
rNeg   . . .     SustAt   .     (shield restricted)
rPois  .         Gourm    .     (helmet restricted)
rElec  .         Spirit   .     d - +0 cloak
rCorr  .         Warding  .     (gloves unavailable)
rMut   .         NoTele   +     (boots unavailable)
MR     +....                    (no amulet)
Stlth  ..........               (no ring)
                                (no ring)

@: berserking, very quick, somewhat resistant to hostile enchantments, extremely
unstealthy
A: unfitting armour, see invisible, herbivore 3, speed 3, slow metabolism 2
a: no special abilities


You were in the Dungeon.
You were not hungry.

You visited 1 branch You collected 25 gold pieces.

Inventory:

Hand Weapons
 a - a +2 dagger (weapon)
 b - a +0 blowgun
Missiles
 e - 8 poisoned needles
 f - 2 curare-tipped needles
Armour
 c - a +0 robe (worn)
 d - a +0 cloak (worn)
Scrolls
 m - a scroll of blinking
 o - 2 scrolls of immolation {unknown}
 p - a scroll of identify {unknown}
 q - 4 scrolls of remove curse
 s - a scroll of enchant armour {unknown}
Potions
 h - 3 potions of curing
 i - a potion of heal wounds
 j - a potion of haste
 k - 2 potions of magic
 n - 3 potions of mutation {unknown}
 r - a potion of cancellation {unknown}
 u - a potion of cure mutation {unknown}
 v - 2 potions of flight
Comestibles
 g - 2 bread rations
 t - a fruit


   Skills:
 - Level 1.5 Fighting
 - Level 2.1 Short Blades
 * Level 10.3 Throwing
 - Level 1.5 Dodging
 + Level 12.2 Stealth


You had 5 spell levels left.
You didn't know any spells.

Dungeon Overview and Level Annotations

Branches:
Dungeon (1/1)

Altars:
Okawaru
Trog


Innate Abilities, Weirdness & Mutations

You are tiny and cannot use many weapons and most armour.
You have supernaturally acute eyesight.
You are a herbivore.
You cover ground extremely quickly.
You need consume almost no food.


Message History

You feel agile.
You have reached level 6!
Your experience leads to an increase in your attributes!
Your base attributes are Str 7, Int 12, Dex 19.
Increase (S)trength, (I)ntelligence, or (D)exterity?
You feel agile.
You hit the human.
The human is lightly wounded.
The human hits you with a mace.
* * * LOW HITPOINT WARNING * * *
You puncture the human!
The human is moderately wounded.
The human completely misses you.
You puncture the human!
The human is heavily wounded.
The human barely misses you.
You puncture the human!
The human is severely wounded.
The human hits you with a mace!!
You die...

▓▓ ▓▓▓ .#### ##.# #####
....#####..# #__[#
.....#..#..# #p†.#
##..)#..#..###+#@###+##
###..##'#..#..........#
.##..###...'.⌠........#
##..####...#...######+#
##..###....#.⌠.#
#...##.....#...#
....#......#+###
..##.#..)..#
..#####....#


You could see a human (berserk).

Vanquished Creatures
  A water elemental (D)
  Crazy Yiuf (D)
  Jessica (D)
  2 humans (D)
  3 rats (D)
8 creatures vanquished.

Vanquished Creatures (others)
  A plant (D)
1 creature vanquished.

Grand Total: 9 creatures vanquished

Notes
Turn   | Place    | Note
--------------------------------------------------------------
     0 | D        | mopl the Spriggan Assassin began the quest for the Orb.
     0 | D        | Reached XP level 1. HP: 10/10 MP: 2/2
     9 | D        | Reached skill level 6 in Stealth
    21 | D        | Noticed Jessica
    25 | D        | Killed Jessica
    25 | D        | Reached skill level 5 in Throwing
    25 | D        | Reached skill level 7 in Stealth
    25 | D        | Reached XP level 2. HP: 14/14 MP: 3/3
    34 | D        | Reached skill level 8 in Stealth
    61 | D        | Noticed Crazy Yiuf
    64 | D        | Killed Crazy Yiuf
    64 | D        | Reached skill level 6 in Throwing
    64 | D        | Reached XP level 3. HP: 18/18 MP: 4/4
    68 | D        | Reached skill level 9 in Stealth
    68 | D        | Reached XP level 4. HP: 22/22 MP: 5/5
    93 | D        | Noticed a water elemental
    96 | D        | Killed a water elemental
    96 | D        | Reached skill level 8 in Throwing
    96 | D        | Reached skill level 10 in Stealth
   102 | D        | Found an iron altar of Okawaru.
   103 | D        | Found a bloodstained altar of Trog.
   103 | D        | Noticed a human
   103 | D        | Noticed a human
   112 | D        | Killed a human
   112 | D        | Reached skill level 10 in Throwing
   112 | D        | Reached skill level 12 in Stealth
   112 | D        | Reached XP level 5. HP: 12/25 MP: 6/6
   112 | D        | Reached XP level 6. HP: 14/30 MP: 7/7
   116 | D        | Mangled by a human

Action                   |  1- 3 |  4- 6 || total
-------------------------+-------+-------++-------
Melee: Dagger            |     9 |    13 ||    22
  Use: Potion            |       |     1 ||     1
 Stab: Sleeping          |     5 |     1 ||     6
